 Dungeon Crawl Stone Soup version 0.31-a0-177-g4aa6249778 (webtiles) character file.

Game seed: 12852375527134120880

100214 qw the Severer (level 16, -13/114 HPs)
             Began as a Gargoyle Fighter on June 18, 2023.
             Was a Priest of Okawaru.
             Mangled by a goliath frog (14 damage)
             ... on level 3 of the Swamp.
             The game lasted 00:15:11 (27318 turns).

qw the Severer (Gargoyle Fighter)                  Turns: 27318, Time: 00:15:12

Health: -13/114    AC: 42    Str: 28    XL:     16   Next: 27%
Magic:  23/23      EV: 17    Int:  8    God:    Okawaru [***...]
Gold:   1470       SH: 12    Dex: 13    Spells: 15/15 levels left

rFire   . . .        g - +3 broad axe (elec)
rCold   + . .        c - +0 buckler
rNeg    + + .        e - +1 plate armour {rN+}
rPois   inf          z - +0 helmet {SInv}
rElec   +            l - +0 cloak
rCorr   .            t - +0 pair of gloves of the Jocular God {rElec Str+2 Int-3 Dex+4}
SInv    +            q - +2 pair of boots
Will    +....        i - amulet of reflection Stlth
                     n - +5 ring of evasion
HPRegen 0.39/turn    A - +4 ring of protection
MPRegen 0.18/turn

%: reflection
@: heroic, marked, corroded, flying
A: sickness immunity, AC +12, big wings, negative energy resistance 1,
electricity resistance, torment resistance 1, petrification resistance,
iridescent scales 1, see invisible, cold resistance 1, robust 1
a: Renounce Religion, Heroism


You were on level 3 of the Swamp.
You worshipped Okawaru.
Okawaru was most pleased with you.
You visited 5 branches of the dungeon, and saw 26 of its levels.
You also visited: Ossuary.

You collected 3347 gold pieces.
You spent 1877 gold pieces at shops.


Innate Abilities, Weirdness & Mutations

You are immune to sickness and miasma.
Your stone body is resilient. (AC +12)
You are immune to poison.
Your large and strong wings let you fly.
You resist negative energy. (rN+)
You are resistant to electric shocks. (rElec)
You are resistant to unholy torment.
You are immune to petrification.
You are partially covered in iridescent scales. (AC +2)
You have supernaturally acute eyesight. (SInv)
Your flesh is cold resistant. (rC+)
You are robust. (+10% HP)


   Skills:
 - Level 13.0(18.0) Fighting
 + Level 17.4(22.4) Axes
 - Level 7.0(12.0) Throwing
 - Level 13.0(18.0) Armour
 - Level 4.2(9.2) Dodging
 - Level 8.7(13.7) Shields
 - Level 10.0 Invocations


You had 15 spell levels left.
You didn't know any spells.
Your spell library was empty.

Inventory:

Hand Weapons
 g - a +3 broad axe of electrocution (weapon)
 h - the +6 flail of Cocytus {spect, rF+ rC++}
   (You found it on level 5 of the Lair of Beasts)

   rF:        It protects you from fire.
   rC:        It greatly protects you from cold.
 r - a +2 heavy morningstar
Missiles
 x - 4 javelins
 y - 6 boomerangs
 B - 2 silver javelins (quivered)
Armour
 c - a +0 buckler (worn)
 e - a +1 plate armour of positive energy (worn)
 l - a +0 cloak (worn)
 q - a +2 pair of boots (worn)
 t - the +0 pair of gloves of the Jocular God (worn) {rElec Str+2 Int-3 Dex+4}
   (You bought it in a shop on level 2 of the Orcish Mines)

   Str:       It affects your strength (+2).
   Int:       It affects your intelligence (-3).
   Dex:       It affects your dexterity (+4).
   rElec:     It insulates you from electricity.
 w - +0 acid dragon scales
 z - a +0 helmet of see invisible (worn)
Jewellery
 b - a ring of resist corrosion
 i - an amulet of reflection (around neck)
 n - a +5 ring of evasion (left hand)
 A - a +4 ring of protection (right hand)
Wands
 C - a wand of digging (5)
Scrolls
 a - 12 scrolls of identify
Potions
 d - 7 potions of might
 f - 5 potions of enlightenment
 j - a potion of lignification
 k - 7 potions of curing
 m - a potion of resistance
 o - 2 potions of cancellation
 s - 3 potions of mutation
 u - a potion of magic
 v - 7 potions of haste

Dungeon Overview and Level Annotations

Branches:
Dungeon (15/15)            Temple (1/1) D:4            Lair (5/5) D:8
  Swamp (3/4) Lair:3       Spider (0/4) Lair:3        Slime (0/5) Lair:5
    Orc (2/2) D:11            Elf (0/3) Orc:2        Vaults (0/5) D:13
 Depths (0/4) D:15        Ossuary (visited)

Altars:
Ashenzari
Cheibriados
Dithmenos
Elyvilon
Fedhas
Gozag
Hepliaklqana
Kikubaaqudgha
Makhleb
Nemelex Xobeh
Okawaru
Qazlal
Ru
Sif Muna
Trog
Uskayaw
Vehumet
Wu Jian
Xom
Yredelemnul
Zin
The Shining One
Jiyva

Shops:
D:2 (   D:6 :   D:10 :   D:14 *   D:15 *   Orc:2 **(([

Portals:
Trove: D:13 (lose all piety)

Annotations:
D:6 1 runed translucent door, qw's ghost, amateur NaHu
D:10 4 transporters
D:11 2 transporters, qw's ghost, journeyman GrFi
Lair:1 1 runed translucent door, qw's ghost, novice NaHu


Message History

You kill the hornet!
Okawaru accepts your kill.
The eleionoma flows through the trees.
The goliath frog hits you but does no damage. x2
You slash the eleionoma!
The eleionoma is lightly wounded.
The spriggan rider closely misses you.
The eleionoma splashes around in the water.
You block the goliath frog's attack. The goliath frog barely misses you.
You slash the eleionoma!
Lightning courses through the eleionoma!!
The eleionoma is severely wounded.
The alligator puts on a burst of speed!
The spriggan rider hits you from afar with a +0 spear of flaming.
The spriggan rider burns you.
You hit the eleionoma.
The eleionoma is severely wounded.
The goliath frog barely misses you.
The goliath frog hits you but does no damage.
The eleionoma closely misses you.
A goliath frog comes into view.
You slash the eleionoma!
Lightning courses through the eleionoma!
You kill the eleionoma!
Okawaru accepts your kill.
You hit the alligator.
The spriggan rider hits you but does no damage.
You block the goliath frog's attack. x2
You slice the alligator!!
The alligator is moderately wounded.
The alligator puts on a burst of speed!
The goliath frog misses you. The spriggan rider closely misses you.
The goliath frog misses you.
A ghost crab comes into view.
You slash the alligator!
Lightning courses through the alligator!
The alligator is severely wounded.
The alligator barely misses you. The alligator closely misses you.
The goliath frog misses you. The alligator bites you!
You block the alligator's attack. The goliath frog hits you from afar!
You die...

~~...~~
~~.~~~~
~~~..~~
~~~¤~~~
~~~...~
~~~¤~~.
~~~~~.7
~~~¤¤7
wn~F~~. ..~7
FF.~t¤
77i77t~7..7
7~.%@t.~7
7~~~~.~.7
7.~~~.777
7.¤~~.~~777
77~....~~~7
777~~.~~~7
7~~~...7
77..~7777
77777.¤~~<.7


You could see 2 alligators, a spriggan rider, a ghost crab, 3 goliath frogs, a
bog body and a swamp worm.

Vanquished Creatures
  Mlioglotl (Swamp:1)
  Roxanne (Swamp:1)
  A thorn hunter (Swamp:1)
  A fenstrider witch (Swamp:1)
  Nessos (Lair:3)
  3 eleionomae
  3 bunyips (Swamp:1)
  A fire dragon (D:15)
  Fannar (Orc:1)
  A rakshasa (D:14)
  8 vault guards
  7 hydras
  A catoblepas (Lair:4)
  A ghost crab (Swamp:1)
  A spriggan air mage (Swamp:2)
  2 death knights (D:14)
  A two-headed ogre (D:11)
  A merfolk avatar (Lair:5)
  An alligator (Swamp:3)
  Erica (D:8)
  A centaur warrior (D:15)
  8 death yaks (Lair:5)
  5 orc high priests (Orc:2)
  7 spriggans
  Sonja (D:10)
  A titan skeleton (D:15)
  6 skysharks
  4 sea snakes (Lair:5)
  A spark wasp zombie (D:15)
  4 skeletal warriors
  2 spriggan druids (Swamp:2)
  5 swamp dragons
  2 goliath frogs (Swamp:2)
  A flayed ghost (D:15)
  4 slime creatures
  Pikel (D:8)
  A necromancer (D:15)
  6 orc knights (Orc:2)
  9 cyclopes
  A manticore (Lair:5)
  A deep elf pyromancer (D:13)
  7 elephants (Lair:5)
  13 ugly things
  6 black mambas
  2 gargoyles
  9 cane toads
  A cane toad (shapeshifter) (D:14)
  A stone giant skeleton (D:15)
  Maggie (Lair:2)
  8 komodo dragons
  2 efreet (D:13)
  A rime drake (shapeshifter) (D:14)
  5 rime drakes
  An unseen horror (D:10)
  2 kobold demonologists
  A guardian mummy (D:15)
  7 trolls
  4 polar bears (Lair:5)
  A wind drake (Lair:5)
  2 tyrant leeches (Swamp:1)
  7 hornets
  9 blink frogs
  Prince Ribbit (D:8)
  4 shadows
  3 wyverns
  2 wraiths
  14 yaks
  4 basilisks
  A vampire mosquito (D:6)
  Menkaure (D:7)
  A tengu zombie (D:15)
  A warg (Orc:1)
  7 swamp worms
  7 water moccasins
  2 acid dragons
  2 swamp drakes
  2 black bears (Lair:4)
  31 orc warriors
  2 ice beasts
  6 ogres
  16 wolves
  3 centaurs
  2 phantoms
  3 kobold brigands
  16 bullfrogs
  13 scorpions
  2 earth elementals (D:14)
  3 wights (D:7)
  6 killer bees (D:8)
  A troll zombie (D:11)
  2 electric eels (Lair:2)
  6 howler monkeys
  2 centaur zombies (Ossuary)
  2 gnoll boudas
  2 jellies
  32 orc priests
  7 hounds
  3 human zombies (Ossuary)
  6 iguanas
  24 orc wizards
  4 scorpion zombies (Ossuary)
  5 ogre zombies (D:11)
  3 mummies (Ossuary)
  17 gnolls
  9 adders
  A shadow imp (D:7)
  13 white imps
  An ufetubus (D:5)
  4 worms
  2 dart slugs
  101 orcs
  6 bats
  11 endoplasms
  A giant cockroach (D:1)
  3 gnoll zombies (Ossuary)
  11 goblins
  7 hobgoblins
  3 quokkas
  2 ball pythons
  3 frilled lizards
  A goblin skeleton (D:11)
  4 goblin zombies
  A hobgoblin skeleton (D:11)
  5 hobgoblin zombies
  16 kobolds
  A kobold zombie (Ossuary)
  5 orc skeletons (D:11)
  10 orc zombies
  7 rats
698 creatures vanquished.

Vanquished Creatures (others)
  A slime creature (D:14)
  A foxfire (Swamp:3)
2 creatures vanquished.

Grand Total: 700 creatures vanquished

Notes
Turn   | Place    | Note
-------+----------+-------------------------------------------
     0 | D:1      | qw the Gargoyle Fighter began the quest for the Orb.
     0 | D:1      | Reached XP level 1. HP: 14/14 MP: 1/1
     0 | D:1      | 0 ||| qw: Version: 0.3-a-7-ge0c9b40
     0 | D:1      | 0 ||| qw: Game counter: 821
     0 | D:1      | 0 ||| qw: Always use a shield: true
     0 | D:1      | 0 ||| qw: God list: Okawaru
     0 | D:1      | 0 ||| qw: Allow faded altars: false
     0 | D:1      | 0 ||| qw: Do Orc after D:15 true
     0 | D:1      | 0 ||| qw: Do second Lair branch before Depths: true
     0 | D:1      | 0 ||| qw: Lair rune preference: random
     0 | D:1      | 0 ||| qw: Plans: Normal, Zot:1-4, Slime:5, God:TSO, Crypt,
                  | Tomb, Abyss, Pan, Hells, Win
     0 | D:1      | 0 ||| PLANNING D:1-11
    70 | D:1      | Reached skill level 2 in Axes
   262 | D:1      | Reached XP level 2. HP: 19/19 MP: 2/2
   880 | D:1      | 880 ||| UPGRADING to +0 chain mail.
   890 | D:1      | 890 ||| DROPPING +0 scale mail.
   918 | D:2      | Reached skill level 3 in Axes
   974 | D:2      | Reached XP level 3. HP: 17/23 MP: 3/3
  1030 | D:2      | 1030 ||| DROPPING +0 whip.
  1102 | D:2      | 1102 ||| Stepping ~*~*~tactically~*~*~ (stealth).
  1136 | D:2      | 1136 ||| Stepping ~*~*~tactically~*~*~ (stealth).
  1174 | D:2      | Found Sissep's Weapon Shoppe.
  1562 | D:2      | 1562 ||| Stepping ~*~*~tactically~*~*~ (hiding).
  1857 | D:2      | 1857 ||| DROPPING +0 mace.
  1987 | D:2      | 1987 ||| DROPPING +6 ring of intelligence.
  1988 | D:2      | 1988 ||| READING 3 scrolls labelled VIFICR YKHICET.
  1989 | D:2      | 1989 ||| READING scroll labelled ANOLEOMAME.
  1994 | D:2      | 1994 ||| READING 3 scrolls labelled ASI KOL FOUHOI.
  1995 | D:2      | 1995 ||| READING scroll labelled VESHOOVOCI.
  1995 | D:2      | Identified a scroll of acquirement
  1995 | D:2      | 1995 ||| ACQUIRING 914 gold pieces
  1995 | D:2      | Acquired 914 gold pieces
  1997 | D:2      | 1997 ||| DRINKING 3 golden potions.
  1998 | D:2      | 1998 ||| DRINKING 3 clear potions.
  1999 | D:2      | 1999 ||| READING 2 scrolls of identify.
  1999 | D:2      | 1999 ||| IDENTIFYING bubbling dark potion
  2000 | D:2      | 2000 ||| DROPPING potion of berserk rage.
  2109 | D:3      | Reached XP level 4. HP: 24/28 MP: 4/4
  2409 | D:3      | Reached skill level 4 in Axes
  2515 | D:3      | Identified the +8 short sword "Sahol" {freeze, rN++ Stlth+}
  2666 | D:3      | 2666 ||| UPGRADING to amulet of guardian spirit.
  2671 | D:3      | 2671 ||| UPGRADING to ring of willpower.
  2672 | D:3      | 2672 ||| UPGRADING to ring of positive energy.
  2673 | D:3      | 2673 ||| READING scroll labelled HIUTAOPPASCH.
  2674 | D:3      | 2674 ||| READING 5 scrolls of identify.
  2674 | D:3      | 2674 ||| IDENTIFYING pink potion
  2675 | D:3      | 2675 ||| READING 4 scrolls of identify.
  2675 | D:3      | 2675 ||| IDENTIFYING lumpy black potion
  2676 | D:3      | 2676 ||| READING 3 scrolls of identify.
  2676 | D:3      | 2676 ||| IDENTIFYING blue potion
  2677 | D:3      | 2677 ||| DROPPING potion of invisibility.
  2705 | D:4      | 2705 ||| Stepping ~*~*~tactically~*~*~ (stealth).
  2706 | D:4      | 2706 ||| Stepping ~*~*~tactically~*~*~ (stealth).
  2718 | D:4      | Reached XP level 5. HP: 25/32 MP: 3/5
  2753 | D:4      | 2753 ||| Stepping ~*~*~tactically~*~*~ (stealth).
  2755 | D:4      | 2755 ||| Stepping ~*~*~tactically~*~*~ (stealth).
  2762 | D:4      | 2762 ||| Stepping ~*~*~tactically~*~*~ (stealth).
  2763 | D:4      | 2763 ||| Stepping ~*~*~tactically~*~*~ (stealth).
  2769 | D:4      | 2769 ||| Stepping ~*~*~tactically~*~*~ (stealth).
  2829 | D:4      | Found a staircase to the Ecumenical Temple.
  2830 | D:4      | 2830 ||| PLANNING TEMPLE
  2843 | Temple   | Entered the Ecumenical Temple
  2843 | Temple   | Found a transporter.
  2843 | Temple   | Found a transporter.
  2845 | Temple   | Found a transporter.
  2845 | Temple   | Found a transporter.
  2855 | Temple   | 2855 ||| PLANNING D:1-11
  2858 | Temple   | 2858 ||| PLANNING OKAWARU WORSHIP
  2863 | Temple   | Became a worshipper of Warmaster Okawaru
  2864 | Temple   | 2864 ||| PLANNING D:1-11
  2864 | Temple   | 2864 ||| REMOVING amulet of guardian spirit.
  2909 | D:4      | 2909 ||| Stepping ~*~*~tactically~*~*~ (stealth).
  3080 | D:4      | Noticed a phantom
  3099 | D:4      | Killed a phantom
  3100 | D:4      | Reached skill level 5 in Axes
  3100 | D:4      | Reached XP level 6. HP: 33/37 MP: 6/6
  3107 | D:4      | 3107 ||| Stepping ~*~*~tactically~*~*~ (stealth).
  3275 | D:4      | 3275 ||| UPGRADING to +0 pair of gloves.
  3280 | D:4      | 3280 ||| UPGRADING to +2 chain mail of poison resistance.
  3290 | D:4      | 3290 ||| DROPPING +0 chain mail.
  3291 | D:4      | 3291 ||| READING 2 scrolls of enchant armour.
  3291 | D:4      | 3291 ||| ENCHANTING +0 pair of gloves.
  3292 | D:4      | 3292 ||| READING scroll of enchant armour.
  3292 | D:4      | 3292 ||| ENCHANTING +1 pair of gloves.
  3293 | D:4      | 3293 ||| READING scroll labelled ELA ROASAPA.
  3294 | D:4      | 3294 ||| READING scroll labelled VICIOD POLYUSO.
  3311 | D:5      | Entered Level 5 of the Dungeon
  3332 | D:5      | 3332 ||| Stepping ~*~*~tactically~*~*~ (hiding).
  3528 | D:5      | Reached * piety under Okawaru
  3529 | D:5      | Reached skill level 6 in Axes
  3529 | D:5      | 3529 ||| INVOKING Heroism.
  3673 | D:5      | 3673 ||| INVOKING Heroism.
  3684 | D:5      | Reached skill level 1 in Dodging
  3684 | D:5      | Reached XP level 7. HP: 43/43 MP: 5/7
  3715 | D:5      | 3715 ||| Stepping ~*~*~tactically~*~*~ (stealth).
  3782 | D:5      | 3782 ||| Stepping ~*~*~tactically~*~*~ (hiding).
  3862 | D:5      | Reached skill level 1 in Invocations
  3876 | D:5      | 3876 ||| Stepping ~*~*~tactically~*~*~ (hiding).
  3878 | D:5      | 3878 ||| Stepping ~*~*~tactically~*~*~ (hiding).
  4092 | D:5      | Reached skill level 3 in Invocations
  4116 | D:5      | Reached skill level 7 in Axes
  4116 | D:5      | Reached XP level 8. HP: 46/48 MP: 10/10
  4251 | D:5      | 4251 ||| INVOKING Heroism.
  4270 | D:5      | 4270 ||| Stepping ~*~*~tactically~*~*~ (stealth).
  4274 | D:5      | 4274 ||| FLEEEEING.
  4275 | D:5      | 4275 ||| INVOKING Heroism.
  4408 | D:5      | 4408 ||| READING 3 scrolls of enchant weapon.
  4408 | D:5      | 4408 ||| ENCHANTING +1 war axe.
  4409 | D:5      | 4409 ||| READING 2 scrolls of enchant weapon.
  4409 | D:5      | 4409 ||| ENCHANTING +2 war axe.
  4410 | D:5      | 4410 ||| READING scroll of enchant weapon.
  4410 | D:5      | 4410 ||| ENCHANTING +3 war axe.
  4512 | D:5      | 4512 ||| UPGRADING to +0 pair of boots.
  4517 | D:5      | 4517 ||| UPGRADING to amulet of reflection.
  4522 | D:5      | 4522 ||| DROPPING amulet of magic regeneration.
  4523 | D:5      | 4523 ||| DROPPING amulet of guardian spirit.
  4524 | D:5      | 4524 ||| READING scroll labelled GIHELOC NUQALL.
  4525 | D:5      | 4525 ||| READING scroll labelled AFOOXE GIW.
  4526 | D:5      | 4526 ||| READING scroll labelled QEIQIE BILAPN.
  4527 | D:5      | 4527 ||| DRINKING 2 orange potions.
  4527 | D:5      | Gained mutation: Your flesh is cold resistant. (rC+)
                  | [potion of mutation]
  4527 | D:5      | Gained mutation: You are robust. (+10% HP) [potion of
                  | mutation]
  4527 | D:5      | Gained mutation: You are partially covered in iridescent
                  | scales. (AC +2) [potion of mutation]
  4527 | D:5      | Gained mutation: You have supernaturally acute eyesight.
                  | (SInv) [potion of mutation]
  4541 | D:5      | 4541 ||| READING 5 scrolls of identify.
  4541 | D:5      | 4541 ||| IDENTIFYING inky potion
  4542 | D:5      | 4542 ||| DROPPING potion of ambrosia.
  4550 | D:6      | 4550 ||| PLANNING OSSUARY
  4582 | D:6      | Reached skill level 1 in Throwing
  4593 | D:6      | Reached ** piety under Okawaru
  4877 | D:6      | Found a stormy altar of Qazlal.
  4878 | D:6      | Found a blossoming altar of Fedhas.
  4881 | D:6      | Found a hazy altar of Hepliaklqana.
  5075 | D:6      | Found a sand-covered staircase.
  5076 | D:6      | 5076 ||| READING 4 scrolls of identify.
  5076 | D:6      | 5076 ||| IDENTIFYING sedimented silvery potion
  5080 | Ossuary  | Entered an ossuary
  5107 | Ossuary  | 5107 ||| Stepping ~*~*~tactically~*~*~ (stealth).
  5133 | Ossuary  | 5133 ||| Stepping ~*~*~tactically~*~*~ (stealth).
  5142 | Ossuary  | Reached skill level 8 in Axes
  5254 | Ossuary  | Reached XP level 9. HP: 59/59 MP: 12/12
  5282 | Ossuary  | Reached skill level 6 in Fighting
  5370 | Ossuary  | Reached *** piety under Okawaru
  5371 | Ossuary  | Reached skill level 9 in Axes
  5438 | Ossuary  | 5438 ||| READING scroll of enchant weapon.
  5438 | Ossuary  | 5438 ||| ENCHANTING +4 war axe.
  5439 | Ossuary  | 5439 ||| READING scroll labelled UMYESIPOIMU.
  5473 | Ossuary  | 5473 ||| READING 3 scrolls of identify.
  5473 | Ossuary  | 5473 ||| IDENTIFYING murky sapphire potion
  5474 | Ossuary  | 5474 ||| READING 2 scrolls of identify.
  5474 | Ossuary  | 5474 ||| IDENTIFYING sapphire potion
  5475 | Ossuary  | 5475 ||| DROPPING potion of brilliance.
  5512 | D:6      | 5512 ||| PLANNING D:1-11
  5519 | D:6      | Noticed qw's ghost (amateur NaHu)
  5529 | D:6      | Found a runed translucent door.
  5690 | D:6      | Found Okinaj's Tiny Tomes.
  5908 | D:6      | 5908 ||| READING 2 scrolls of identify.
  5908 | D:6      | 5908 ||| IDENTIFYING metallic black potion
  6059 | D:7      | 6059 ||| FLEEEEING.
  6060 | D:7      | 6060 ||| INVOKING Heroism.
  6077 | D:7      | Noticed Menkaure
  6078 | D:7      | 6078 ||| Stepping ~*~*~tactically~*~*~ (hiding).
  6083 | D:7      | 6083 ||| INVOKING Heroism.
  6085 | D:7      | Killed Menkaure
  6136 | D:7      | 6136 ||| Stepping ~*~*~tactically~*~*~ (stealth).
  6137 | D:7      | 6137 ||| Stepping ~*~*~tactically~*~*~ (stealth).
  6671 | D:8      | Noticed a troll
  6672 | D:8      | 6672 ||| INVOKING Heroism.
  6676 | D:8      | Killed a troll
  6677 | D:8      | Reached skill level 10 in Axes
  6677 | D:8      | Reached XP level 10. HP: 69/69 MP: 10/13
  6686 | D:8      | 6686 ||| Stepping ~*~*~tactically~*~*~ (stealth).
  6694 | D:8      | 6694 ||| Stepping ~*~*~tactically~*~*~ (stealth).
  6697 | D:8      | 6697 ||| Stepping ~*~*~tactically~*~*~ (stealth).
  6700 | D:8      | 6700 ||| Stepping ~*~*~tactically~*~*~ (stealth).
  6701 | D:8      | 6701 ||| Stepping ~*~*~tactically~*~*~ (stealth).
  6714 | D:8      | 6714 ||| Stepping ~*~*~tactically~*~*~ (stealth).
  6719 | D:8      | 6719 ||| Stepping ~*~*~tactically~*~*~ (hiding).
  6727 | D:8      | 6727 ||| INVOKING Heroism.
  6887 | D:8      | Found a staircase to the Lair.
  6900 | D:8      | Noticed Prince Ribbit
  6907 | D:8      | Killed Prince Ribbit
  6916 | D:8      | 6916 ||| Stepping ~*~*~tactically~*~*~ (hiding).
  6950 | D:8      | 6950 ||| Stepping ~*~*~tactically~*~*~ (stealth).
  6952 | D:8      | 6952 ||| Stepping ~*~*~tactically~*~*~ (stealth).
  6972 | D:8      | Noticed Erica
  6974 | D:8      | 6974 ||| INVOKING Heroism.
  6985 | D:8      | Killed Erica
  6985 | D:8      | Reached **** piety under Okawaru
  7425 | D:8      | 7425 ||| INVOKING Heroism.
  7487 | D:8      | 7487 ||| INVOKING Heroism.
  7491 | D:8      | 7491 ||| Stepping ~*~*~tactically~*~*~ (hiding).
  7760 | D:8      | Noticed Pikel
  7765 | D:8      | Reached skill level 11 in Axes
  7769 | D:8      | Killed Pikel
  7822 | D:8      | 7822 ||| PLANNING LAIR
  7822 | D:8      | 7822 ||| UPGRADING to +0 cloak.
  7827 | D:8      | 7827 ||| UPGRADING to +0 plate armour.
  7837 | D:8      | 7837 ||| DROPPING +2 chain mail of poison resistance.
  7838 | D:8      | 7838 ||| READING scroll labelled SAAKLO ICYUPS.
  7884 | Lair:1   | Entered Level 1 of the Lair of Beasts
  7885 | Lair:1   | 7885 ||| INVOKING Heroism.
  7900 | Lair:1   | Reached skill level 6 in Armour
  8134 | Lair:1   | Reached skill level 6 in Invocations
  8280 | Lair:1   | Noticed a black mamba
  8281 | Lair:1   | Found a runed translucent door.
  8281 | Lair:1   | Noticed qw's ghost (novice NaHu)
  8282 | Lair:1   | 8282 ||| INVOKING Heroism.
  8287 | Lair:1   | Killed a black mamba
  8288 | Lair:1   | Reached XP level 11. HP: 74/74 MP: 12/15
  8355 | Lair:1   | Found a dark tunnel.
  8596 | Lair:1   | 8596 ||| DROPPING orb of wrath.
  8622 | Lair:2   | Noticed a skyshark
  8627 | Lair:2   | 8627 ||| STAIRDANCE
  8633 | Lair:1   | 8633 ||| INVOKING Heroism.
  8644 | Lair:1   | HP: 8/74 [skyshark (13)]
  8644 | Lair:1   | HP: 2/74 [skyshark (6)]
  8645 | Lair:1   | 8645 ||| READING 5 scrolls of teleportation.
  8646 | Lair:1   | 8646 ||| DRINKING 2 potions of heal wounds.
  8856 | Lair:1   | 8856 ||| STAIRDANCE
  8858 | D:8      | Killed a skyshark
  8938 | Lair:2   | 8938 ||| INVOKING Heroism.
  8946 | Lair:2   | Received a gift from Okawaru
  9022 | Lair:2   | 9022 ||| INVOKING Heroism.
  9133 | Lair:2   | 9133 ||| INVOKING Heroism.
  9168 | Lair:2   | Noticed Maggie
  9185 | Lair:2   | Killed Maggie
  9190 | Lair:2   | 9190 ||| FLEEEEING.
  9191 | Lair:2   | 9191 ||| FLEEEEING.
  9193 | Lair:2   | 9193 ||| FLEEEEING.
  9194 | Lair:2   | 9194 ||| FLEEEEING.
  9195 | Lair:2   | 9195 ||| FLEEEEING.
  9196 | Lair:2   | 9196 ||| FLEEEEING.
  9197 | Lair:2   | 9197 ||| FLEEEEING.
  9198 | Lair:2   | 9198 ||| FLEEEEING.
  9247 | Lair:2   | 9247 ||| DROPPING +0 flail.
  9273 | Lair:2   | 9273 ||| INVOKING Heroism.
  9313 | Lair:2   | 9313 ||| INVOKING Heroism.
  9393 | Lair:2   | Noticed a five-headed hydra
  9394 | Lair:2   | 9394 ||| INVOKING Heroism.
  9398 | Lair:2   | 9398 ||| SWAPPING to +2 heavy morningstar.
  9402 | Lair:2   | Killed a five-headed hydra
  9402 | Lair:2   | Received a gift from Okawaru
  9403 | Lair:2   | Reached skill level 9 in Fighting
  9403 | Lair:2   | 9403 ||| SWAPPING to +5 war axe.
  9856 | Lair:3   | 9856 ||| INVOKING Heroism.
  9975 | Lair:3   | Found a staircase to the Swamp.
  9979 | Lair:3   | Found a hole to the Spider Nest.
 10002 | Lair:3   | 10002 ||| INVOKING Heroism.
 10003 | Lair:3   | Noticed Nessos
 10014 | Lair:3   | Killed Nessos
 10170 | Lair:3   | 10170 ||| INVOKING Heroism.
 10230 | Lair:3   | 10230 ||| INVOKING Heroism.
 10345 | Lair:3   | 10345 ||| INVOKING Heroism.
 10575 | Lair:3   | 10575 ||| UPGRADING to +5 ring of evasion.
 10577 | Lair:3   | 10577 ||| UPGRADING to ring of willpower.
 10579 | Lair:3   | 10579 ||| READING scroll labelled UGOEPLU NIERCHAY.
 10580 | Lair:3   | 10580 ||| READING scroll labelled HIULOWKIRCHASCH.
 10620 | Lair:4   | 10620 ||| INVOKING Heroism.
 10641 | Lair:4   | Reached skill level 12 in Axes
 10656 | Lair:4   | Reached XP level 12. HP: 83/83 MP: 18/18
 10675 | Lair:4   | 10675 ||| Stepping ~*~*~tactically~*~*~ (stealth).
 10680 | Lair:4   | 10680 ||| Stepping ~*~*~tactically~*~*~ (stealth).
 10691 | Lair:4   | Reached skill level 9 in Invocations
 10694 | Lair:4   | 10694 ||| INVOKING Heroism.
 10787 | Lair:4   | 10787 ||| READING scroll of enchant weapon.
 10787 | Lair:4   | 10787 ||| ENCHANTING +5 war axe.
 10835 | Lair:4   | 10835 ||| Stepping ~*~*~tactically~*~*~ (stealth).
 10986 | Lair:4   | Found a broken altar of Ashenzari.
 11044 | Lair:4   | Noticed a catoblepas
 11045 | Lair:4   | 11045 ||| INVOKING Heroism.
 11066 | Lair:4   | Killed a catoblepas
 11066 | Lair:4   | Received a gift from Okawaru
 11072 | Lair:4   | Reached skill level 9 in Armour
 11204 | Lair:4   | 11204 ||| INVOKING Heroism.
 11223 | Lair:4   | Reached skill level 6 in Shields
 11285 | Lair:4   | 11285 ||| Stepping ~*~*~tactically~*~*~ (hiding).
 11296 | Lair:4   | Noticed a skyshark
 11309 | Lair:4   | Killed a skyshark
 11428 | Lair:4   | 11428 ||| INVOKING Heroism.
 11774 | Lair:4   | 11774 ||| DROPPING ring of magical power.
 11797 | Lair:5   | Entered Level 5 of the Lair of Beasts
 11797 | Lair:5   | Noticed a skyshark
 11803 | Lair:5   | 11803 ||| STAIRDANCE
 11812 | Lair:4   | Killed a skyshark
 11891 | Lair:5   | 11891 ||| INVOKING Heroism.
 11900 | Lair:5   | Noticed a merfolk avatar
 11906 | Lair:5   | HP: 20/84 [wind drake/the air (18)]
 11907 | Lair:5   | 11907 ||| READING 5 scrolls of teleportation.
 11908 | Lair:5   | 11908 ||| DRINKING potion of heal wounds.
 11911 | Lair:5   | HP: 4/84 [polar bear (21)]
 11913 | Lair:5   | Found a viscous altar of Jiyva.
 11913 | Lair:5   | Found a staircase to the Slime Pits.
 11916 | Lair:5   | 11916 ||| READING 4 scrolls of teleportation.
 11919 | Lair:5   | 11919 ||| INVOKING Heroism.
 11971 | Lair:5   | Noticed a skyshark
 11972 | Lair:5   | 11972 ||| Stepping ~*~*~tactically~*~*~ (stealth).
 11976 | Lair:5   | 11976 ||| Stepping ~*~*~tactically~*~*~ (stealth).
 11977 | Lair:5   | 11977 ||| Stepping ~*~*~tactically~*~*~ (stealth).
 11978 | Lair:5   | 11978 ||| Stepping ~*~*~tactically~*~*~ (stealth).
 11979 | Lair:5   | 11979 ||| INVOKING Heroism.
 11990 | Lair:5   | Killed a skyshark
 12024 | Lair:5   | 12024 ||| Stepping ~*~*~tactically~*~*~ (stealth).
 12025 | Lair:5   | 12025 ||| Stepping ~*~*~tactically~*~*~ (hiding).
 12030 | Lair:5   | 12030 ||| INVOKING Heroism.
 12060 | Lair:5   | 12060 ||| Stepping ~*~*~tactically~*~*~ (stealth).
 12067 | Lair:5   | 12067 ||| Stepping ~*~*~tactically~*~*~ (stealth).
 12068 | Lair:5   | 12068 ||| Stepping ~*~*~tactically~*~*~ (stealth).
 12072 | Lair:5   | 12072 ||| Stepping ~*~*~tactically~*~*~ (stealth).
 12078 | Lair:5   | 12078 ||| Stepping ~*~*~tactically~*~*~ (stealth).
 12090 | Lair:5   | 12090 ||| Stepping ~*~*~tactically~*~*~ (stealth).
 12101 | Lair:5   | 12101 ||| INVOKING Heroism.
 12115 | Lair:5   | 12115 ||| Stepping ~*~*~tactically~*~*~ (stealth).
 12263 | Lair:5   | 12263 ||| Stepping ~*~*~tactically~*~*~ (hiding).
 12264 | Lair:5   | 12264 ||| INVOKING Heroism.
 12267 | Lair:5   | 12267 ||| Stepping ~*~*~tactically~*~*~ (water).
 12297 | Lair:5   | HP: 20/84 [polar bear (21)]
 12298 | Lair:5   | 12298 ||| READING 3 scrolls of teleportation.
 12298 | Lair:5   | HP: 5/84 [cane toad (8)]
 12299 | Lair:5   | 12299 ||| DRINKING potion of heal wounds.
 12309 | Lair:5   | 12309 ||| INVOKING Heroism.
 12310 | Lair:5   | Received a gift from Okawaru
 12311 | Lair:5   | Reached skill level 13 in Axes
 12329 | Lair:5   | 12329 ||| Stepping ~*~*~tactically~*~*~ (stealth).
 12336 | Lair:5   | 12336 ||| INVOKING Heroism.
 12371 | Lair:5   | Noticed a skyshark
 12375 | Lair:5   | 12375 ||| INVOKING Heroism.
 12386 | Lair:5   | Killed a skyshark
 12387 | Lair:5   | Reached XP level 13. HP: 40/90 MP: 18/20
 12431 | Lair:5   | 12431 ||| FLEEEEING.
 12432 | Lair:5   | 12432 ||| INVOKING Heroism.
 12443 | Lair:5   | 12443 ||| Stepping ~*~*~tactically~*~*~ (stealth).
 12444 | Lair:5   | 12444 ||| Stepping ~*~*~tactically~*~*~ (stealth).
 12627 | Lair:5   | 12627 ||| Stepping ~*~*~tactically~*~*~ (stealth).
 12632 | Lair:5   | 12632 ||| INVOKING Heroism.
 12674 | Lair:5   | Reached ***** piety under Okawaru
 12675 | Lair:5   | 12675 ||| INVOKING Finesse.
 12682 | Lair:5   | Reached skill level 14 in Axes
 12691 | Lair:5   | HP: 17/90 [water moccasin (7)]
 12692 | Lair:5   | 12692 ||| READING 2 scrolls of teleportation.
 12704 | Lair:5   | 12704 ||| READING scroll of teleportation.
 12705 | Lair:5   | 12705 ||| INVOKING Heroism.
 12706 | Lair:5   | 12706 ||| Stepping ~*~*~tactically~*~*~ (water).
 12748 | Lair:5   | 12748 ||| INVOKING Heroism.
 12750 | Lair:5   | HP: 19/91 [rime drake/icy flash freeze (17)]
 12781 | Lair:5   | 12781 ||| Stepping ~*~*~tactically~*~*~ (stealth).
 12787 | Lair:5   | HP: 18/92 [wind drake/the air (13)]
 12788 | Lair:5   | HP: 3/92 [wind drake/the air (15)]
 13119 | Lair:5   | 13119 ||| Stepping ~*~*~tactically~*~*~ (stealth).
 13121 | Lair:5   | 13121 ||| Stepping ~*~*~tactically~*~*~ (stealth).
 13123 | Lair:5   | 13123 ||| Stepping ~*~*~tactically~*~*~ (stealth).
 13124 | Lair:5   | 13124 ||| INVOKING Heroism.
 13125 | Lair:5   | 13125 ||| INVOKING Finesse.
 13147 | Lair:5   | Received a gift from Okawaru
 13290 | Lair:5   | Identified the +6 flail of Cocytus {spect, rF+ rC++}
 13300 | Lair:5   | Identified the +7 rapier of Mamomuj {freeze, Contam rN++
                  | rCorr Stlth+}
 13332 | Lair:5   | 13332 ||| Stepping ~*~*~tactically~*~*~ (stealth).
 13335 | Lair:5   | 13335 ||| INVOKING Heroism.
 13336 | Lair:5   | 13336 ||| INVOKING Finesse.
 13363 | Lair:5   | Reached skill level 3 in Throwing
 13618 | Lair:5   | 13618 ||| Stepping ~*~*~tactically~*~*~ (stealth).
 13621 | Lair:5   | 13621 ||| Stepping ~*~*~tactically~*~*~ (stealth).
 13638 | Lair:5   | 13638 ||| INVOKING Heroism.
 13948 | Lair:5   | 13948 ||| PLANNING D:1-11
 13948 | Lair:5   | 13948 ||| READING 2 scrolls labelled UJYSTA YP VEIG.
 13949 | Lair:5   | 13949 ||| DRINKING 2 dark potions.
 13950 | Lair:5   | 13950 ||| DROPPING scroll of fear.
 14425 | D:9      | 14425 ||| Stepping ~*~*~tactically~*~*~ (hiding).
 14676 | D:9      | 14676 ||| READING scroll labelled GUOKITUDIQ.
 14703 | D:10     | Entered Level 10 of the Dungeon
 14718 | D:10     | 14718 ||| Stepping ~*~*~tactically~*~*~ (hiding).
 14720 | D:10     | 14720 ||| Stepping ~*~*~tactically~*~*~ (hiding).
 14766 | D:10     | Found a transporter.
 14768 | D:10     | Found a transporter.
 14770 | D:10     | Found a transporter.
 14780 | D:10     | 14780 ||| Stepping ~*~*~tactically~*~*~ (stealth).
 14781 | D:10     | 14781 ||| Stepping ~*~*~tactically~*~*~ (stealth).
 14919 | D:10     | 14919 ||| READING scroll of enchant weapon.
 14919 | D:10     | 14919 ||| ENCHANTING +6 war axe of freezing.
 14935 | D:10     | 14935 ||| Stepping ~*~*~tactically~*~*~ (water).
 14974 | D:10     | Received a gift from Okawaru
 14981 | D:10     | Noticed Sonja
 14982 | D:10     | 14982 ||| INVOKING Finesse.
 14990 | D:10     | Killed Sonja
 14991 | D:10     | Gained mutation: Your large and strong wings let you fly.
                  | [Gargoyle growth]
 14991 | D:10     | Reached XP level 14. HP: 99/99 MP: 16/21
 15053 | D:10     | Found a flagged portal.
 15147 | D:10     | Found a transporter.
 15209 | D:10     | 15209 ||| Stepping ~*~*~tactically~*~*~ (stealth).
 15270 | D:10     | 15270 ||| SWAPPING to +1 broad axe of freezing.
 15284 | D:10     | 15284 ||| DROPPING +7 war axe of freezing.
 15325 | D:10     | Found Dierris's Book Shoppe.
 15503 | D:10     | 15503 ||| DROPPING ring of positive energy.
 15504 | D:10     | 15504 ||| UPGRADING to +4 ring of protection.
 15506 | D:10     | 15506 ||| DROPPING ring of willpower.
 15663 | D:11     | 15663 ||| READING scroll of enchant armour.
 15663 | D:11     | 15663 ||| ENCHANTING +0 pair of boots.
 15708 | D:11     | 15708 ||| Stepping ~*~*~tactically~*~*~ (hiding).
 15827 | D:11     | Noticed qw's ghost (journeyman GrFi)
 15859 | D:11     | Found a transporter.
 15886 | D:11     | Found a transporter.
 15963 | D:11     | 15963 ||| Stepping ~*~*~tactically~*~*~ (stealth).
 15979 | D:11     | Found a staircase to the Orcish Mines.
 15980 | D:11     | 15980 ||| Stepping ~*~*~tactically~*~*~ (hiding).
 15983 | D:11     | 15983 ||| Stepping ~*~*~tactically~*~*~ (hiding).
 15985 | D:11     | 15985 ||| Stepping ~*~*~tactically~*~*~ (hiding).
 16005 | D:11     | 16005 ||| Stepping ~*~*~tactically~*~*~ (stealth).
 16011 | D:11     | 16011 ||| Stepping ~*~*~tactically~*~*~ (stealth).
 16015 | D:11     | 16015 ||| Stepping ~*~*~tactically~*~*~ (stealth).
 16016 | D:11     | 16016 ||| Stepping ~*~*~tactically~*~*~ (stealth).
 16018 | D:11     | 16018 ||| Stepping ~*~*~tactically~*~*~ (stealth).
 16020 | D:11     | 16020 ||| Stepping ~*~*~tactically~*~*~ (stealth).
 16028 | D:11     | 16028 ||| Stepping ~*~*~tactically~*~*~ (stealth).
 16045 | D:11     | 16045 ||| Stepping ~*~*~tactically~*~*~ (stealth).
 16059 | D:11     | 16059 ||| Stepping ~*~*~tactically~*~*~ (stealth).
 16065 | D:11     | 16065 ||| Stepping ~*~*~tactically~*~*~ (stealth).
 16066 | D:11     | 16066 ||| Stepping ~*~*~tactically~*~*~ (stealth).
 16067 | D:11     | 16067 ||| Stepping ~*~*~tactically~*~*~ (stealth).
 16068 | D:11     | 16068 ||| Stepping ~*~*~tactically~*~*~ (stealth).
 16069 | D:11     | 16069 ||| Stepping ~*~*~tactically~*~*~ (stealth).
 16071 | D:11     | 16071 ||| Stepping ~*~*~tactically~*~*~ (stealth).
 16072 | D:11     | 16072 ||| Stepping ~*~*~tactically~*~*~ (stealth).
 16074 | D:11     | 16074 ||| Stepping ~*~*~tactically~*~*~ (stealth).
 16075 | D:11     | 16075 ||| Stepping ~*~*~tactically~*~*~ (stealth).
 16076 | D:11     | 16076 ||| Stepping ~*~*~tactically~*~*~ (stealth).
 16077 | D:11     | 16077 ||| Stepping ~*~*~tactically~*~*~ (stealth).
 16197 | D:11     | 16197 ||| Stepping ~*~*~tactically~*~*~ (stealth).
 16199 | D:11     | 16199 ||| Stepping ~*~*~tactically~*~*~ (stealth).
 16216 | D:11     | Reached skill level 15 in Axes
 16456 | D:11     | 16456 ||| Stepping ~*~*~tactically~*~*~ (stealth).
 16500 | D:11     | 16500 ||| PLANNING D
 16500 | D:11     | 16500 ||| READING scroll labelled UTEROT VUASS.
 16643 | D:12     | 16643 ||| Stepping ~*~*~tactically~*~*~ (hiding).
 16658 | D:12     | Received a gift from Okawaru
 16754 | D:12     | 16754 ||| FLEEEEING.
 16755 | D:12     | 16755 ||| FLEEEEING.
 16757 | D:12     | 16757 ||| FLEEEEING.
 16758 | D:12     | 16758 ||| FLEEEEING.
 16759 | D:12     | 16759 ||| FLEEEEING.
 16760 | D:12     | 16760 ||| FLEEEEING.
 16761 | D:12     | 16761 ||| FLEEEEING.
 16762 | D:12     | 16762 ||| FLEEEEING.
 16763 | D:12     | 16763 ||| FLEEEEING.
 16764 | D:12     | 16764 ||| FLEEEEING.
 16765 | D:12     | 16765 ||| FLEEEEING.
 16771 | D:12     | 16771 ||| FLEEEEING.
 16772 | D:12     | 16772 ||| FLEEEEING.
 16774 | D:12     | 16774 ||| FLEEEEING.
 16775 | D:12     | 16775 ||| Stepping ~*~*~tactically~*~*~ (hiding).
 16819 | D:12     | Received a gift from Okawaru
 16928 | D:12     | 16928 ||| INVOKING Heroism.
 16946 | D:12     | Reached skill level 6 in Throwing
 17024 | D:12     | 17024 ||| INVOKING Heroism.
 17460 | D:13     | Found a portal to a secret trove of treasure.
 17479 | D:13     | 17479 ||| Stepping ~*~*~tactically~*~*~ (hiding).
 17512 | D:13     | Found a gate to the Vaults.
 17513 | D:13     | 17513 ||| Stepping ~*~*~tactically~*~*~ (hiding).
 17527 | D:13     | 17527 ||| Stepping ~*~*~tactically~*~*~ (hiding).
 17528 | D:13     | 17528 ||| INVOKING Heroism.
 17540 | D:13     | HP: 22/99 [vault guard/+0 glaive (8)]
 17541 | D:13     | 17541 ||| Stepping ~*~*~tactically~*~*~ (hiding).
 17542 | D:13     | 17542 ||| READING 2 scrolls of teleportation.
 17543 | D:13     | 17543 ||| DRINKING 2 potions of heal wounds.
 17549 | D:13     | 17549 ||| FLEEEEING.
 17551 | D:13     | 17551 ||| FLEEEEING.
 17552 | D:13     | 17552 ||| FLEEEEING.
 17553 | D:13     | 17553 ||| FLEEEEING.
 17556 | D:13     | 17556 ||| Stepping ~*~*~tactically~*~*~ (hiding).
 17572 | D:13     | 17572 ||| FLEEEEING.
 17573 | D:13     | 17573 ||| FLEEEEING.
 17574 | D:13     | 17574 ||| FLEEEEING.
 17577 | D:13     | 17577 ||| FLEEEEING.
 17578 | D:13     | 17578 ||| FLEEEEING.
 17579 | D:13     | 17579 ||| FLEEEEING.
 17580 | D:13     | 17580 ||| FLEEEEING.
 17581 | D:13     | 17581 ||| FLEEEEING.
 17582 | D:13     | 17582 ||| FLEEEEING.
 17583 | D:13     | 17583 ||| FLEEEEING.
 17584 | D:13     | 17584 ||| FLEEEEING.
 17585 | D:13     | 17585 ||| FLEEEEING.
 17586 | D:13     | 17586 ||| FLEEEEING.
 17587 | D:13     | 17587 ||| FLEEEEING.
 17588 | D:13     | 17588 ||| STAIRDANCE
 17746 | D:13     | 17746 ||| STAIRDANCE
 17754 | D:12     | 17754 ||| INVOKING Heroism.
 17763 | D:12     | Reached skill level 12 in Fighting
 17964 | D:12     | 17964 ||| SWAPPING to +2 broad axe of electrocution.
 17965 | D:12     | 17965 ||| DROPPING +1 broad axe of freezing.
 18190 | D:13     | 18190 ||| Stepping ~*~*~tactically~*~*~ (hiding).
 18462 | D:13     | 18462 ||| INVOKING Heroism.
 18463 | D:13     | 18463 ||| INVOKING Finesse.
 18467 | D:13     | 18467 ||| SWAPPING to +6 flail of Cocytus {spect, rF+
                  | rC++}.
 18470 | D:13     | 18470 ||| SWAPPING to +2 broad axe of electrocution.
 18886 | D:13     | 18886 ||| Stepping ~*~*~tactically~*~*~ (hiding).
 18888 | D:13     | 18888 ||| Stepping ~*~*~tactically~*~*~ (hiding).
 18889 | D:13     | 18889 ||| Stepping ~*~*~tactically~*~*~ (hiding).
 19091 | D:14     | 19091 ||| INVOKING Heroism.
 19250 | D:14     | 19250 ||| FLEEEEING.
 19251 | D:14     | 19251 ||| FLEEEEING.
 19252 | D:14     | 19252 ||| FLEEEEING.
 19253 | D:14     | 19253 ||| FLEEEEING.
 19254 | D:14     | 19254 ||| FLEEEEING.
 19255 | D:14     | 19255 ||| FLEEEEING.
 19256 | D:14     | 19256 ||| FLEEEEING.
 19257 | D:14     | 19257 ||| FLEEEEING.
 19258 | D:14     | 19258 ||| FLEEEEING.
 19259 | D:14     | 19259 ||| FLEEEEING.
 19261 | D:14     | 19261 ||| FLEEEEING.
 19262 | D:14     | 19262 ||| FLEEEEING.
 19263 | D:14     | 19263 ||| FLEEEEING.
 19264 | D:14     | 19264 ||| FLEEEEING.
 19265 | D:14     | 19265 ||| FLEEEEING.
 19266 | D:14     | 19266 ||| FLEEEEING.
 19271 | D:14     | 19271 ||| FLEEEEING.
 19272 | D:14     | 19272 ||| FLEEEEING.
 19273 | D:14     | 19273 ||| FLEEEEING.
 19274 | D:14     | 19274 ||| FLEEEEING.
 19275 | D:14     | 19275 ||| FLEEEEING.
 19276 | D:14     | 19276 ||| FLEEEEING.
 19281 | D:14     | 19281 ||| FLEEEEING.
 19283 | D:14     | 19283 ||| FLEEEEING.
 19284 | D:14     | 19284 ||| FLEEEEING.
 19285 | D:14     | 19285 ||| FLEEEEING.
 19286 | D:14     | 19286 ||| FLEEEEING.
 19287 | D:14     | 19287 ||| FLEEEEING.
 19288 | D:14     | 19288 ||| FLEEEEING.
 19289 | D:14     | 19289 ||| FLEEEEING.
 19290 | D:14     | 19290 ||| FLEEEEING.
 19291 | D:14     | 19291 ||| FLEEEEING.
 19292 | D:14     | 19292 ||| FLEEEEING.
 19293 | D:14     | 19293 ||| FLEEEEING.
 19294 | D:14     | 19294 ||| FLEEEEING.
 19295 | D:14     | 19295 ||| FLEEEEING.
 19296 | D:14     | 19296 ||| FLEEEEING.
 19297 | D:14     | 19297 ||| FLEEEEING.
 19298 | D:14     | 19298 ||| FLEEEEING.
 19299 | D:14     | 19299 ||| FLEEEEING.
 19300 | D:14     | 19300 ||| FLEEEEING.
 19301 | D:14     | 19301 ||| FLEEEEING.
 19302 | D:14     | 19302 ||| FLEEEEING.
 19303 | D:14     | 19303 ||| FLEEEEING.
 19304 | D:14     | 19304 ||| FLEEEEING.
 19305 | D:14     | 19305 ||| FLEEEEING.
 19306 | D:14     | 19306 ||| FLEEEEING.
 19307 | D:14     | 19307 ||| FLEEEEING.
 19308 | D:14     | 19308 ||| FLEEEEING.
 19309 | D:14     | 19309 ||| FLEEEEING.
 19310 | D:14     | 19310 ||| STAIRDANCE
 19386 | D:14     | Identified the +5 hand axe "Gogyestrit" {drain, rElec}
                  | (Okawaru gifted it to you on level 14 of the Dungeon)
 19386 | D:14     | Received a gift from Okawaru
 19390 | D:14     | 19390 ||| STAIRDANCE
 19393 | D:13     | 19393 ||| INVOKING Heroism.
 19959 | D:14     | 19959 ||| Stepping ~*~*~tactically~*~*~ (stealth).
 19961 | D:14     | 19961 ||| Stepping ~*~*~tactically~*~*~ (hiding).
 19962 | D:14     | 19962 ||| Stepping ~*~*~tactically~*~*~ (hiding).
 19963 | D:14     | 19963 ||| Stepping ~*~*~tactically~*~*~ (hiding).
 19971 | D:14     | 19971 ||| INVOKING Heroism.
 20117 | D:14     | You are sucked into a shaft and drop 1 floor!
 20117 | D:15     | Entered Level 15 of the Dungeon
 20140 | D:15     | Found a staircase to the Depths.
 20141 | D:15     | 20141 ||| Stepping ~*~*~tactically~*~*~ (hiding).
 20145 | D:15     | 20145 ||| Stepping ~*~*~tactically~*~*~ (hiding).
 20146 | D:15     | 20146 ||| Stepping ~*~*~tactically~*~*~ (hiding).
 20147 | D:15     | 20147 ||| Stepping ~*~*~tactically~*~*~ (hiding).
 20148 | D:15     | 20148 ||| Stepping ~*~*~tactically~*~*~ (hiding).
 20177 | D:15     | 20177 ||| INVOKING Heroism.
 20239 | D:15     | Reached skill level 16 in Axes
 20284 | D:15     | 20284 ||| INVOKING Heroism.
 20285 | D:15     | 20285 ||| INVOKING Finesse.
 20296 | D:15     | Reached XP level 15. HP: 72/105 MP: 15/22
 20458 | D:15     | 20458 ||| Stepping ~*~*~tactically~*~*~ (hiding).
 20629 | D:15     | 20629 ||| READING 11 scrolls of identify.
 20629 | D:15     | 20629 ||| IDENTIFYING smoky inky potion
 20630 | D:15     | 20630 ||| DROPPING potion of degeneration.
 20636 | D:15     | 20636 ||| Stepping ~*~*~tactically~*~*~ (stealth).
 20637 | D:15     | 20637 ||| Stepping ~*~*~tactically~*~*~ (stealth).
 20652 | D:15     | 20652 ||| STAIRDANCE
 20838 | D:14     | Found Cofeclid's Pet Rocks.
 20850 | D:14     | 20850 ||| BUYING wand of digging (5) (315 gold).
 20850 | D:14     | Bought a wand of digging (5) for 315 gold pieces
 20863 | D:14     | 20863 ||| Stepping ~*~*~tactically~*~*~ (hiding).
 21211 | D:15     | 21211 ||| READING scroll of enchant armour.
 21211 | D:15     | 21211 ||| ENCHANTING +1 pair of boots.
 21364 | D:15     | Reached skill level 12 in Armour
 21377 | D:15     | Received a gift from Okawaru
 21378 | D:15     | Reached skill level 3 in Dodging
 21378 | D:15     | 21378 ||| INVOKING Heroism.
 21545 | D:15     | Found a blossoming altar of Fedhas.
 21565 | D:15     | 21565 ||| FLEEEEING.
 21566 | D:15     | 21566 ||| FLEEEEING.
 21567 | D:15     | 21567 ||| FLEEEEING.
 21568 | D:15     | 21568 ||| FLEEEEING.
 21569 | D:15     | 21569 ||| FLEEEEING.
 21684 | D:15     | Found Luohoxaz's Assorted Antiques.
 21688 | D:15     | 21688 ||| Stepping ~*~*~tactically~*~*~ (hiding).
 21689 | D:15     | 21689 ||| Stepping ~*~*~tactically~*~*~ (hiding).
 21691 | D:15     | 21691 ||| Stepping ~*~*~tactically~*~*~ (hiding).
 21692 | D:15     | 21692 ||| Stepping ~*~*~tactically~*~*~ (hiding).
 21694 | D:15     | 21694 ||| Stepping ~*~*~tactically~*~*~ (hiding).
 21993 | D:15     | 21993 ||| Stepping ~*~*~tactically~*~*~ (hiding).
 22118 | D:15     | 22118 ||| PLANNING ORC
 22203 | D:11     | 22203 ||| Stepping ~*~*~tactically~*~*~ (stealth).
 22207 | D:11     | 22207 ||| Stepping ~*~*~tactically~*~*~ (stealth).
 22224 | D:11     | 22224 ||| READING scroll of enchant weapon.
 22224 | D:11     | 22224 ||| ENCHANTING +2 broad axe of electrocution.
 22259 | Orc:1    | Entered Level 1 of the Orcish Mines
 22353 | Orc:2    | Entered Level 2 of the Orcish Mines
 22353 | Orc:2    | Found Luher's Assorted Antiques.
 22371 | Orc:2    | 22371 ||| INVOKING Heroism.
 22392 | Orc:2    | 22392 ||| FLEEEEING.
 22393 | Orc:2    | 22393 ||| FLEEEEING.
 22394 | Orc:2    | 22394 ||| FLEEEEING.
 22395 | Orc:2    | 22395 ||| FLEEEEING.
 22396 | Orc:2    | 22396 ||| STAIRDANCE
 22602 | Orc:1    | Noticed Fannar
 22620 | Orc:1    | Killed Fannar
 22620 | Orc:1    | Received a gift from Okawaru
 22631 | Orc:1    | 22631 ||| Stepping ~*~*~tactically~*~*~ (hiding).
 22633 | Orc:1    | Found a frozen archway.
 22816 | Orc:2    | 22816 ||| BUYING potion of haste (300 gold).
 22816 | Orc:2    | Bought a potion of haste for 300 gold pieces
 22832 | Orc:2    | 22832 ||| Stepping ~*~*~tactically~*~*~ (hiding).
 22862 | Orc:2    | 22862 ||| Stepping ~*~*~tactically~*~*~ (hiding).
 22863 | Orc:2    | 22863 ||| Stepping ~*~*~tactically~*~*~ (hiding).
 22866 | Orc:2    | 22866 ||| Stepping ~*~*~tactically~*~*~ (hiding).
 22867 | Orc:2    | 22867 ||| Stepping ~*~*~tactically~*~*~ (hiding).
 22931 | Orc:2    | 22931 ||| Stepping ~*~*~tactically~*~*~ (hiding).
 23040 | Orc:2    | 23040 ||| Stepping ~*~*~tactically~*~*~ (stealth).
 23042 | Orc:2    | 23042 ||| Stepping ~*~*~tactically~*~*~ (stealth).
 23044 | Orc:2    | 23044 ||| FLEEEEING.
 23045 | Orc:2    | 23045 ||| FLEEEEING.
 23046 | Orc:2    | 23046 ||| FLEEEEING.
 23047 | Orc:2    | 23047 ||| FLEEEEING.
 23048 | Orc:2    | 23048 ||| FLEEEEING.
 23049 | Orc:2    | 23049 ||| FLEEEEING.
 23133 | Orc:2    | 23133 ||| Stepping ~*~*~tactically~*~*~ (hiding).
 23134 | Orc:2    | 23134 ||| Stepping ~*~*~tactically~*~*~ (hiding).
 23135 | Orc:2    | 23135 ||| Stepping ~*~*~tactically~*~*~ (hiding).
 23136 | Orc:2    | 23136 ||| Stepping ~*~*~tactically~*~*~ (hiding).
 23147 | Orc:2    | 23147 ||| Stepping ~*~*~tactically~*~*~ (hiding).
 23149 | Orc:2    | 23149 ||| INVOKING Heroism.
 23158 | Orc:2    | 23158 ||| Stepping ~*~*~tactically~*~*~ (hiding).
 23180 | Orc:2    | HP: 22/105 [orc priest/divine providence (17)]
 23181 | Orc:2    | 23181 ||| READING 2 scrolls of teleportation.
 23182 | Orc:2    | 23182 ||| DRINKING potion of heal wounds.
 23277 | Orc:2    | 23277 ||| Stepping ~*~*~tactically~*~*~ (stealth).
 23278 | Orc:2    | 23278 ||| Stepping ~*~*~tactically~*~*~ (stealth).
 23300 | Orc:2    | 23300 ||| FLEEEEING.
 23303 | Orc:2    | 23303 ||| Stepping ~*~*~tactically~*~*~ (stealth).
 23308 | Orc:2    | 23308 ||| Stepping ~*~*~tactically~*~*~ (stealth).
 23309 | Orc:2    | 23309 ||| Stepping ~*~*~tactically~*~*~ (stealth).
 23389 | Orc:2    | 23389 ||| Stepping ~*~*~tactically~*~*~ (hiding).
 23390 | Orc:2    | 23390 ||| Stepping ~*~*~tactically~*~*~ (hiding).
 23392 | Orc:2    | 23392 ||| Stepping ~*~*~tactically~*~*~ (hiding).
 23393 | Orc:2    | 23393 ||| Stepping ~*~*~tactically~*~*~ (hiding).
 23411 | Orc:2    | 23411 ||| Stepping ~*~*~tactically~*~*~ (stealth).
 23412 | Orc:2    | 23412 ||| Stepping ~*~*~tactically~*~*~ (stealth).
 23417 | Orc:2    | 23417 ||| Stepping ~*~*~tactically~*~*~ (hiding).
 23428 | Orc:2    | 23428 ||| Stepping ~*~*~tactically~*~*~ (stealth).
 23429 | Orc:2    | 23429 ||| Stepping ~*~*~tactically~*~*~ (stealth).
 23430 | Orc:2    | 23430 ||| Stepping ~*~*~tactically~*~*~ (stealth).
 23431 | Orc:2    | 23431 ||| Stepping ~*~*~tactically~*~*~ (stealth).
 23439 | Orc:2    | 23439 ||| Stepping ~*~*~tactically~*~*~ (stealth).
 23449 | Orc:2    | 23449 ||| INVOKING Heroism.
 23456 | Orc:2    | 23456 ||| Stepping ~*~*~tactically~*~*~ (hiding).
 23621 | Orc:1    | 23621 ||| Stepping ~*~*~tactically~*~*~ (hiding).
 23623 | Orc:1    | 23623 ||| Stepping ~*~*~tactically~*~*~ (hiding).
 23624 | Orc:1    | 23624 ||| Stepping ~*~*~tactically~*~*~ (hiding).
 23727 | Orc:1    | 23727 ||| Stepping ~*~*~tactically~*~*~ (stealth).
 23808 | Orc:1    | 23808 ||| UPGRADING to +1 plate armour of positive energy.
 23818 | Orc:1    | 23818 ||| DROPPING +0 plate armour.
 23851 | Orc:2    | Found a staircase to the Elven Halls.
 24121 | Orc:2    | 24121 ||| Stepping ~*~*~tactically~*~*~ (stealth).
 24122 | Orc:2    | 24122 ||| Stepping ~*~*~tactically~*~*~ (hiding).
 24129 | Orc:2    | 24129 ||| INVOKING Heroism.
 24135 | Orc:2    | 24135 ||| Stepping ~*~*~tactically~*~*~ (hiding).
 24153 | Orc:2    | HP: 10/105 [orc knight/+0 great mace (19)]
 24154 | Orc:2    | 24154 ||| READING scroll of teleportation.
 24155 | Orc:2    | 24155 ||| INVOKING Heroism.
 24193 | Orc:2    | 24193 ||| FLEEEEING.
 24194 | Orc:2    | 24194 ||| FLEEEEING.
 24195 | Orc:2    | 24195 ||| FLEEEEING.
 24196 | Orc:2    | 24196 ||| FLEEEEING.
 24197 | Orc:2    | 24197 ||| FLEEEEING.
 24198 | Orc:2    | 24198 ||| STAIRDANCE
 24440 | Orc:2    | 24440 ||| Stepping ~*~*~tactically~*~*~ (stealth).
 24441 | Orc:2    | 24441 ||| Stepping ~*~*~tactically~*~*~ (stealth).
 24442 | Orc:2    | 24442 ||| Stepping ~*~*~tactically~*~*~ (stealth).
 24443 | Orc:2    | 24443 ||| Stepping ~*~*~tactically~*~*~ (stealth).
 24445 | Orc:2    | 24445 ||| Stepping ~*~*~tactically~*~*~ (hiding).
 24446 | Orc:2    | 24446 ||| Stepping ~*~*~tactically~*~*~ (hiding).
 24448 | Orc:2    | 24448 ||| INVOKING Heroism.
 24499 | Orc:2    | 24499 ||| Stepping ~*~*~tactically~*~*~ (hiding).
 24500 | Orc:2    | 24500 ||| Stepping ~*~*~tactically~*~*~ (hiding).
 24501 | Orc:2    | 24501 ||| Stepping ~*~*~tactically~*~*~ (hiding).
 24502 | Orc:2    | 24502 ||| Stepping ~*~*~tactically~*~*~ (hiding).
 24504 | Orc:2    | 24504 ||| Stepping ~*~*~tactically~*~*~ (hiding).
 24506 | Orc:2    | 24506 ||| INVOKING Heroism.
 24535 | Orc:2    | 24535 ||| INVOKING Heroism.
 24562 | Orc:2    | 24562 ||| FLEEEEING.
 24563 | Orc:2    | 24563 ||| FLEEEEING.
 24637 | Orc:2    | 24637 ||| FLEEEEING.
 24638 | Orc:2    | 24638 ||| FLEEEEING.
 24639 | Orc:2    | 24639 ||| FLEEEEING.
 24640 | Orc:2    | 24640 ||| FLEEEEING.
 24642 | Orc:2    | 24642 ||| STAIRDANCE
 24720 | Orc:2    | 24720 ||| INVOKING Heroism.
 24758 | Orc:2    | 24758 ||| Stepping ~*~*~tactically~*~*~ (hiding).
 24778 | Orc:2    | 24778 ||| INVOKING Heroism.
 24793 | Orc:2    | 24793 ||| Stepping ~*~*~tactically~*~*~ (stealth).
 24794 | Orc:2    | 24794 ||| Stepping ~*~*~tactically~*~*~ (stealth).
 24795 | Orc:2    | 24795 ||| Stepping ~*~*~tactically~*~*~ (stealth).
 24912 | Orc:2    | 24912 ||| Stepping ~*~*~tactically~*~*~ (stealth).
 24930 | Orc:2    | Found Qoluph's Assorted Antiques.
 24930 | Orc:2    | Found Anked's Antique Armour Shop.
 24931 | Orc:2    | Found Yconosh's Antique Weapon Shop.
 24931 | Orc:2    | Found Famyseir's Antique Weapon Boutique.
 24939 | Orc:2    | 24939 ||| BUYING pair of jewelled gloves (332 gold).
 24939 | Orc:2    | Bought a pair of jewelled gloves for 332 gold pieces
 24939 | Orc:2    | Identified the +0 pair of gloves of the Jocular God {rElec
                  | Str+2 Int-3 Dex+4} (You bought it in a shop on level 2 of
                  | the Orcish Mines)
 24939 | Orc:2    | 24939 ||| BUYING shiny helmet (262 gold).
 24939 | Orc:2    | Bought a shiny helmet for 262 gold pieces
 24940 | Orc:2    | 24940 ||| BUYING ichor-stained war axe (195 gold).
 24940 | Orc:2    | Bought an ichor-stained war axe for 195 gold pieces
 24940 | Orc:2    | Identified the +7 war axe of Hecotenk {freeze, rPois Int-2
                  | Dex+3} (You bought it in a shop on level 2 of the Orcish
                  | Mines)
 24940 | Orc:2    | 24940 ||| BUYING runed broad axe (161 gold).
 24940 | Orc:2    | Bought a runed broad axe for 161 gold pieces
 24940 | Orc:2    | 24940 ||| DROPPING +7 war axe of Hecotenk {freeze, rPois
                  | Int-2 Dex+3}.
 24941 | Orc:2    | 24941 ||| DROPPING +0 broad axe of electrocution.
 24945 | Orc:2    | 24945 ||| BUYING potion of curing (72 gold).
 24945 | Orc:2    | Bought a potion of curing for 72 gold pieces
 24945 | Orc:2    | 24945 ||| BUYING potion of heal wounds (120 gold).
 24945 | Orc:2    | Bought a potion of heal wounds for 120 gold pieces
 24945 | Orc:2    | 24945 ||| BUYING potion of might (96 gold).
 24945 | Orc:2    | Bought a potion of might for 96 gold pieces
 24945 | Orc:2    | 24945 ||| BUYING scroll labelled LAUKHIHAOC (24 gold).
 24945 | Orc:2    | Bought a scroll labelled LAUKHIHAOC for 24 gold pieces
 24954 | Orc:2    | 24954 ||| PLANNING SWAMP:1-3
 24954 | Orc:2    | 24954 ||| UPGRADING to +0 pair of gloves of the Jocular God
                  | {rElec Str+2 Int-3 Dex+4}.
 24964 | Orc:2    | 24964 ||| DROPPING +2 pair of gloves.
 24965 | Orc:2    | 24965 ||| UPGRADING to +0 helmet of see invisible.
 24970 | Orc:2    | 24970 ||| DROPPING scroll of blinking.
 25136 | Swamp:1  | Entered Level 1 of the Swamp
 25136 | Swamp:1  | Noticed Mlioglotl
 25137 | Swamp:1  | 25137 ||| INVOKING Heroism.
 25159 | Swamp:1  | Killed Mlioglotl
 25174 | Swamp:1  | 25174 ||| Stepping ~*~*~tactically~*~*~ (cloud).
 25297 | Swamp:1  | Noticed a thorn hunter
 25298 | Swamp:1  | 25298 ||| INVOKING Heroism.
 25300 | Swamp:1  | 25300 ||| Stepping ~*~*~tactically~*~*~ (hiding).
 25310 | Swamp:1  | Killed a thorn hunter
 25310 | Swamp:1  | Received a gift from Okawaru
 25331 | Swamp:1  | 25331 ||| FLEEEEING.
 25332 | Swamp:1  | 25332 ||| FLEEEEING.
 25334 | Swamp:1  | 25334 ||| FLEEEEING.
 25335 | Swamp:1  | 25335 ||| STAIRDANCE
 25453 | Swamp:1  | 25453 ||| INVOKING Heroism.
 25496 | Swamp:1  | 25496 ||| Stepping ~*~*~tactically~*~*~ (hiding).
 25499 | Swamp:1  | 25499 ||| INVOKING Heroism.
 25505 | Swamp:1  | Reached skill level 17 in Axes
 25506 | Swamp:1  | 25506 ||| Stepping ~*~*~tactically~*~*~ (hiding).
 25745 | Swamp:1  | 25745 ||| Stepping ~*~*~tactically~*~*~ (hiding).
 25853 | Swamp:1  | Noticed a fenstrider witch
 25854 | Swamp:1  | 25854 ||| INVOKING Heroism.
 25864 | Swamp:1  | Killed a fenstrider witch
 25959 | Swamp:1  | 25959 ||| INVOKING Heroism.
 25994 | Swamp:1  | 25994 ||| Stepping ~*~*~tactically~*~*~ (hiding).
 26053 | Swamp:1  | 26053 ||| INVOKING Heroism.
 26162 | Swamp:1  | 26162 ||| INVOKING Heroism.
 26325 | Swamp:1  | Noticed Roxanne
 26326 | Swamp:1  | 26326 ||| INVOKING Heroism.
 26342 | Swamp:1  | Killed Roxanne
 26493 | Swamp:2  | 26493 ||| Stepping ~*~*~tactically~*~*~ (hiding).
 26503 | Swamp:2  | 26503 ||| Stepping ~*~*~tactically~*~*~ (stealth).
 26504 | Swamp:2  | 26504 ||| INVOKING Heroism.
 26515 | Swamp:2  | Reached XP level 16. HP: 60/114 MP: 21/23
 26531 | Swamp:2  | HP: 20/114 [spriggan air mage/the air (19)]
 26532 | Swamp:2  | 26532 ||| DRINKING 2 potions of heal wounds.
 26568 | Swamp:2  | 26568 ||| INVOKING Heroism.
 26589 | Swamp:2  | 26589 ||| Stepping ~*~*~tactically~*~*~ (stealth).
 26590 | Swamp:2  | 26590 ||| Stepping ~*~*~tactically~*~*~ (stealth).
 26709 | Swamp:2  | 26709 ||| INVOKING Heroism.
 26754 | Swamp:2  | 26754 ||| INVOKING Heroism.
 26759 | Swamp:2  | 26759 ||| SWAPPING to +6 flail of Cocytus {spect, rF+
                  | rC++}.
 26761 | Swamp:2  | 26761 ||| SWAPPING to +3 broad axe of electrocution.
 26813 | Swamp:2  | 26813 ||| Stepping ~*~*~tactically~*~*~ (hiding).
 26816 | Swamp:2  | 26816 ||| INVOKING Heroism.
 26858 | Swamp:2  | 26858 ||| Stepping ~*~*~tactically~*~*~ (stealth).
 26865 | Swamp:2  | 26865 ||| Stepping ~*~*~tactically~*~*~ (stealth).
 26933 | Swamp:2  | 26933 ||| INVOKING Heroism.
 26936 | Swamp:2  | 26936 ||| SWAPPING to +6 flail of Cocytus {spect, rF+
                  | rC++}.
 26940 | Swamp:2  | 26940 ||| SWAPPING to +3 broad axe of electrocution.
 27041 | Swamp:2  | 27041 ||| Stepping ~*~*~tactically~*~*~ (hiding).
 27161 | Swamp:2  | 27161 ||| Stepping ~*~*~tactically~*~*~ (hiding).
 27163 | Swamp:2  | 27163 ||| Stepping ~*~*~tactically~*~*~ (hiding).
 27190 | Swamp:2  | 27190 ||| INVOKING Heroism.
 27192 | Swamp:2  | 27192 ||| SWAPPING to +6 flail of Cocytus {spect, rF+
                  | rC++}.
 27196 | Swamp:2  | 27196 ||| SWAPPING to +3 broad axe of electrocution.
 27278 | Swamp:3  | 27278 ||| Stepping ~*~*~tactically~*~*~ (hiding).
 27285 | Swamp:3  | 27285 ||| INVOKING Heroism.
 27310 | Swamp:3  | HP: 23/114 [goliath frog (14)]
 27311 | Swamp:3  | 27311 ||| DRINKING potion of heal wounds.
 27318 | Swamp:3  | HP: 1/114 [alligator (15)]
 27318 | Swamp:3  | Mangled by a goliath frog

Levels and vault maps discovered:
D:1:      minmay_arrival_open_corners, layout_loops_corners
D:2:      minmay_spotlight, layout_basic, serial_shops, shop,
          nicolae_figureground_sparkle
D:3:      layout_loops_ring
D:4:      layout_rooms, temple_pool_b, serial_bayou_pond_a
D:5:      minmay_thinvault, layout_rooms, chequers_serial_rivers_small_a
D:6:      layout_layer_cave, minitemple, hellmonk_ghost_happy_afterlife,
          lightli_ossuary_entry_decrepit_ruins, minmay_misc_feat_rugged,
          st_stairs_1, eino_small_chamber_without_monster,
          nicolae_shop_i_like_small_books_too
D:7:      layout_loops_ring, uniq_menkaure
D:8:      layout_basic, erik_lair_island, kennysheep_boxes, uniq_erica,
          uniq_prince_ribbit1, uniq_pikel
D:9:      layout_roguey
D:10:     layout_irregular_city, serial_column_ruins, column_ruins_hut,
          column_ruins_hut_pillars, column_ruins_grid_3,
          column_ruins_open_small, column_ruins_columns_plus,
          column_ruins_columns_corner, serial_shops, nicolae_shop_peninsula,
          lightli_bailey_entry_fortress, minmay_stone_trees_small,
          nicolae_diode_quadrants, uniq_sonja
D:11:     layout_loops_ring, zombieorc1_lemuel,
          gammafunk_ghost_berserking_beasts
D:12:     layout_loops_ring
D:13:     layout_basic, erik_vaults_2, nicolae_trove_entry_free_sample
D:14:     layout_layer_cave, small_statue_intersection, guppyfry_shop_earth
D:15:     gammafunk_depths_entry_grave, layout_stronghold, serial_shops, shop,
          fedhas_altar_fruit_tree
Temple:   hellmonk_temple_divided_pantheon
Lair:1:   layout_misc_corridors, lightli_volcano_entry_magma_tube,
          ebering_ghost_reflecting_pool
Lair:2:   layout_gridlike, uniq_maggie
Lair:3:   layout_small_grid, swamp_mist, spider_nest_entry_a, uniq_nessos
Lair:4:   layout_cave_pods, basic_altar
Lair:5:   gammafunk_lair_ancient_temple, layout_hall_layers, slime_entry_1,
          nicolae_quartered_pool_impasse
Swamp:1:  cheibrodos_swamp_tower_of_moss, layout_basic_swamp,
          hangedman_swamp_ruin_hall, swamp_pool3, infiniplex_staircase_pool,
          uniq_mlioglotl, uniq_roxanne
Swamp:2:  layout_falls_marsh, evilmike_swamp_ruin_house_2
Swamp:3:  layout_basic_swamp, evilmike_swamp_ruin_house_5
Orc:1:    layout_diamond_mine, portal_ice_cave_entry_imps, uniq_fannar
Orc:2:    st_orc_pillars, layout_caves, serial_shops, nicolae_shop_crystal

Skill      XL: |  1  2  3  4  5  6  7  8  9 10 11 12 13 14 15 16 |
---------------+-------------------------------------------------+-----
Axes           | 2 3 4 5 6 7 8 10 11 12 13 14 16 17 | 17.4
Fighting       | 4 5 7 8 9 10 11 12 13 | 13.0
Dodging        | 1 2 4 |  4.2
Invocations    | 3 4 6 8 10 | 10.0
Throwing       | 1 2 4 6 7 |  7.0
Armour         | 4 5 7 8 9 10 11 12 13 | 13.0
Shields        | 4 5 6 7 8 |  8.7

Action                     |  1- 3 |  4- 6 |  7- 9 | 10-12 | 13-15 | 16-18 || total
---------------------------+-------+-------+-------+-------+-------+-------++-------
  Melee: War axe           |   140 |   135 |   306 |   503 |   249 |       ||  1333
         Morningstar       |       |       |       |     4 |       |       ||     4
         Broad axe         |       |       |       |       |   894 |   113 ||  1007
         Flail             |       |       |       |       |     1 |     6 ||     7
  Throw: Boomerang         |       |    47 |    66 |   118 |   118 |       ||   349
         Javelin           |       |       |       |     4 |   135 |    10 ||   149
 Invoke: Heroism           |       |     2 |     5 |    32 |    38 |     7 ||    84
         Finesse           |       |       |       |       |     6 |       ||     6
    Use: Scroll            |     5 |     8 |    13 |     8 |    13 |       ||    47
         Potion            |     2 |       |     1 |     3 |     3 |     2 ||    11
   Stab: Petrified         |       |       |       |     3 |       |       ||     3
 Armour: Scale mail        |    31 |       |       |       |       |       ||    31
         Chain mail        |    31 |    74 |   171 |    52 |       |       ||   328
         Plate armour      |       |       |       |   213 |   451 |    61 ||   725
  Dodge: Dodged            |    44 |    53 |   102 |   189 |   392 |    69 ||   849
  Block: Buckler           |    23 |    17 |   104 |   244 |   431 |    68 ||   887
         Reflection        |       |       |       |     6 |    12 |     1 ||    19

Table legend:
 A = Non-vault XP
 B = Vault XP
 C = Vault XP percentage of total XP
 D = Non-vault monster count
 E = Vault monster count
 F = Vault count percentage of total count
                 A         B        C        D         E       F
            +---------+---------+-------+---------+---------+-------
      Total |   98314 |   44850 |  31.3 |     468 |     230 |  33.0
            +---------+---------+-------+---------+---------+-------
        D:1 |      29 |       0 |   0.0 |      18 |       0 |   0.0
        D:2 |      38 |       8 |  17.4 |      19 |       3 |  13.6
        D:3 |      39 |       0 |   0.0 |      13 |       0 |   0.0
        D:4 |     235 |       0 |   0.0 |      20 |       0 |   0.0
        D:5 |     594 |     505 |  46.0 |      21 |      17 |  44.7
        D:6 |     317 |     262 |  45.3 |       9 |       2 |  18.2
        D:7 |     841 |     172 |  17.0 |      11 |       1 |   8.3
        D:8 |    1839 |    2742 |  59.9 |      29 |      11 |  27.5
        D:9 |     799 |       0 |   0.0 |      20 |       0 |   0.0
       D:10 |    1669 |     842 |  33.5 |      16 |      13 |  44.8
       D:11 |    3305 |     786 |  19.2 |      21 |      29 |  58.0
       D:12 |    5660 |    2584 |  31.3 |      16 |       3 |  15.8
       D:13 |    4616 |    4346 |  48.5 |      10 |       5 |  33.3
       D:14 |    7191 |     786 |   9.9 |      14 |       4 |  22.2
       D:15 |    6107 |    4565 |  42.8 |      10 |       8 |  44.4
     Lair:1 |    1434 |       0 |   0.0 |       6 |       0 |   0.0
     Lair:2 |    3085 |     389 |  11.2 |      10 |       1 |   9.1
     Lair:3 |    2844 |     909 |  24.2 |      10 |       1 |   9.1
     Lair:4 |    7438 |       0 |   0.0 |      25 |       0 |   0.0
     Lair:5 |   18538 |    8257 |  30.8 |      48 |      18 |  27.3
    Swamp:1 |   12595 |    4432 |  26.0 |      20 |       3 |  13.0
    Swamp:2 |   12690 |       0 |   0.0 |      22 |       0 |   0.0
    Swamp:3 |    2488 |       0 |   0.0 |       5 |       0 |   0.0
      Orc:1 |    2335 |     974 |  29.4 |      28 |      13 |  31.7
      Orc:2 |    1588 |   10944 |  87.3 |      47 |      64 |  57.7
    Ossuary |       0 |    1347 | 100.0 |       0 |      34 | 100.0
            +---------+---------+-------+---------+---------+-------
